 Dungeon Crawl Stone Soup version 0.28-a0-79-g444c7a33f5 (webtiles) character file.

Game seed: 1472497275649036767

486 dracfodder the Chopper (level 6, -7/82 (91) HPs)
             Began as a Troll Berserker on Aug 4, 2021.
             Was a Priest of Trog.
             Mangled by a wight (15 damage)
             ... on level 4 of the Dungeon.
             The game lasted 00:11:11 (3253 turns).

dracfodder the Chopper (Troll Berserker)            Turns: 3253, Time: 00:11:12

HP:   -7/82 (91)    AC:  4    Str: 26    XL:     6   Next: 89%
MP:   5/5           EV: 10    Int:  5    God:    Trog [***...]
Gold: 143           SH:  0    Dex:  9    Spells: 5/5 levels left

rFire   . . .      SeeInvis .   a - +5 broad axe (flame)
rCold   . . .      Faith    .   (no shield)
rNeg    . . .      Spirit   .   b - +0 animal skin
rPois   +          Reflect  .   (helmet restricted)
rElec   .          Harm     .   (no cloak)
rCorr   .          Rampage  .   (gloves unavailable)
Will    ++...                   (boots unavailable)
Stlth   ..........              (no amulet)
HPRegen 2.23/turn               l - ring of poison resistance
MPRegen 0.09/turn               (no ring)

@: berserking, strong-willed, regenerating, drained, very quick
A: large, unfitting armour, claws 3, regeneration 1, shaggy fur 1, tough skin 1
a: Renounce Religion, Berserk, Trog's Hand


You were on level 4 of the Dungeon.
You worshipped Trog.
Trog was most pleased with you.
You visited 1 branch of the dungeon, and saw 5 of its levels.

You collected 143 gold pieces.

Inventory:

Hand Weapons
 a - a +5 broad axe of flaming (weapon)
 k - a +0 hunting sling
Missiles
 d - 70 stones
 e - 29 sling bullets
 f - 37 bolts
 h - 8 boomerangs (quivered)
 i - a throwing net
Armour
 b - a +0 animal skin (worn)
Jewellery
 l - a ring of poison resistance (left claw)
Wands
 g - a wand of paralysis (6)
Potions
 n - a potion of lignification {unknown}


   Skills:
 + Level 3.0 Fighting
 * Level 5.2 Axes
 + Level 0.1 Throwing
 + Level 3.1 Dodging
 + Level 0.1 Stealth
 * Level 2.7 Unarmed Combat


You had 5 spell levels left.
You didn't know any spells.
Your spell library was empty.

Dungeon Overview and Level Annotations

Branches:
Dungeon (5/15)             Temple (0/1) D:5

Altars:


Innate Abilities, Weirdness & Mutations

You are too large for most types of armour.
You have claws for hands.
Your natural rate of healing is unusually fast.
You are covered in fur. (AC +1)
You have tough skin. (AC +1)


Message History

You kill the orc!
Trog accepts your kill.
You hit the wight but do no damage. The wight hits you with a +2 mace!
The wight hits you from afar with a +0 spear.
You feel drained. The wight hits you with a +2 mace.
You feel drained. The wight hits you with a +0 spear.
The wight hits you with a +2 mace!
You feel drained.
* * * LOW HITPOINT WARNING * * *
Found a war axe.
Things that are here:
a +0 dagger; a +0 scale mail; a +0 short sword Unknown command.
It was a potion of heal wounds.
You feel much better. The wight barely misses you.
The wight hits you but does no damage.
Your skin crawls.
You feel strong-willed. The wight closely misses you.
The wight hits you with a +2 mace.
A red film seems to cover your vision as you go berserk!
You feel yourself moving faster!
You feel mighty!
The wight hits you with a +3 great sword!
The wight hits you with a +0 spear.
The wight hits you from afar with a +0 spear.
You feel drained. The wight hits you but does no damage.
You are too injured to fight recklessly!
You are too injured to fight recklessly!
You slice the wight!! You burn the wight!
You feel the power of Trog in you as your rage grows.
You destroy the wight!
Trog accepts your kill.
You hit the wight but do no damage. You slash the wight! You burn the wight.
You barely miss the wight.
The wight hits you with a +3 great sword!
The wight hits you with a +2 falchion of protection!
* * * LOW HITPOINT WARNING * * *
You feel drained.
* * * LOW HITPOINT WARNING * * *
The wight completely misses you. The wight hits you with a +2 mace!
* * * LOW HITPOINT WARNING * * *
The wight hits you with a +3 great sword!
You die...

)♣ #...§.. ..... ♣♣)♣♣
#..§§§§ . [.... ♣)..♣♣
#..§§§§ #. #... ♣....♣
#..§§§§ #).#... #....#
#..§§.§ .......###....#
##..§§§§
#............###.......
##....zzz..#.....#.....#
.......@)........#######
!......z).#......#
#..#####.........# #
#####.....# #.....#
#.....# #######


You could see 4 wights.

Vanquished Creatures
  The ghost of Corinon the Magician, an amateur GnWn (D:3)
  Blork the orc (D:4)
  A wight (D:4)
  A bullfrog zombie (D:3)
  A hound (D:4)
  An orc priest (D:4)
  A centaur skeleton (D:3)
  Robin (D:4)
  An adder (D:2)
  4 gnolls (D:2)
  A shadow imp (D:5)
  3 worms
  4 orcs (D:4)
  2 bats
  8 endoplasms
  2 giant cockroaches (D:1)
  14 goblins
  4 hobgoblins
  14 jackals
  3 quokkas
  A ball python (D:2)
  A frilled lizard (D:2)
  7 kobolds
  6 rats
83 creatures vanquished.

Vanquished Creatures (others)
  A wyvern skeleton (D:3)
1 creature vanquished.

Grand Total: 84 creatures vanquished

Notes
Turn   | Place    | Note
-------+----------+-------------------------------------------
     0 | D:1      | dracfodder the Troll Berserker began the quest for the Orb.
     0 | D:1      | Reached XP level 1. HP: 22/22 MP: 0/0
   109 | D:1      | Reached XP level 2. HP: 29/29 MP: 1/1
   599 | D:1      | Reached skill level 3 in Axes
   696 | D:1      | Reached XP level 3. HP: 36/36 MP: 2/2
  1210 | D:2      | Reached ** piety under Trog
  1371 | D:2      | Identified a scroll of acquirement
  1371 | D:2      | Acquired a +4 broad axe of flaming
  1481 | D:2      | Reached skill level 1 in Unarmed Combat
  1486 | D:2      | Reached XP level 4. HP: 27/44 MP: 3/3
  2132 | D:3      | Found a transporter.
  2133 | D:3      | Found a transporter.
  2133 | D:3      | Noticed Corinon's ghost (amateur GnWn)
  2239 | D:4      | Noticed Robin
  2239 | D:4      | Noticed Blork the orc
  3058 | D:3      | Reached XP level 5. HP: 50/50 MP: 4/4
  3059 | D:3      | Reached skill level 4 in Axes
  3066 | D:3      | Killed Corinon's ghost
  3067 | D:3      | Reached XP level 6. HP: 37/59 MP: 5/5
  3134 | D:4      | Killed Blork the orc
  3136 | D:4      | Killed Robin
  3141 | D:4      | Reached skill level 5 in Axes
  3210 | D:5      | Entered Level 5 of the Dungeon
  3220 | D:5      | Found a staircase to the Ecumenical Temple.
  3245 | D:4      | Reached *** piety under Trog
  3253 | D:4      | Mangled by a wight

Illustrated notes

Levels and vault maps discovered:
D:1:      evilmike_arrival_hilbert_curve, layout_basic,
          amcnicky_mini_pool_small, minmay_tetromino_o2
D:2:      layout_basic, st_stairs_14, serial_park_tiny_2,
          hangedman_decor_growths, minmay_misc_feat_room, corexii_corridor_pit,
          kennysheep_generic_room_9
D:3:      layout_basic, gammafunk_ghost_mausoleum
D:4:      layout_rooms, minmay_box_of_dots, uniq_robin, uniq_crazy_yiuf_cottage,
          uniq_blork_the_orc
D:5:      layout_loops_cross, minmay_temple_entry_stoned_glass,
          ebering_ghost_disaster_area, minivault_14, serial_bayou_pond_a,
          minivault_11, uniq_pikel

Skill      XL: |  1  2  3  4  5  6 |
---------------+-------------------+-----
Axes           | 3 4 5 |  5.2
Unarmed Combat | 1 2 |  2.7
Dodging        | 3 |  3.1
Fighting       | 3 |  3.0
Throwing       | |  0.1
Stealth        | |  0.1

Action                   |  1- 3 |  4- 6 || total
-------------------------+-------+-------++-------
Melee: Hand axe          |   104 |       ||   104
       Broad axe         |     7 |    64 ||    71
       Punch             |       |     1 ||     1
Throw: Stone             |     6 |       ||     6
       Boomerang         |     2 |       ||     2
Invok: Berserk           |     1 |     3 ||     4
       Trog's Hand       |       |     3 ||     3
Evoke: Wand              |     2 |       ||     2
  Use: Scroll            |     3 |     5 ||     8
       Potion            |     2 |     1 ||     3
Armor: Animal skin       |    45 |    26 ||    71
Dodge: Dodged            |    70 |    40 ||   110

Table legend: (Time is in decaauts)
 A = Elapsed time spent in this place.
 B = Non-inter-level travel time spent in this place.
 C = Inter-level travel time spent in this place.
 D = Time resting spent in this place.
 E = Time spent auto-exploring this place.
 F = Levels seen in this place.
 G = Mean time per level.
                   A        B        C        D        E       F      G
               +--------+--------+--------+--------+--------+-----+--------+
         Total |   3320 |   3225 |     95 |    293 |   2319 |   5 |  664.0 |
       Dungeon |   3320 |   3225 |     95 |    293 |   2319 |   5 |  664.0 |
               +--------+--------+--------+--------+--------+-----+--------+

Top non-repeatable levels by time:
     D:2: 1084 daAuts
     D:3: 1072 daAuts
     D:1: 1023 daAuts
     D:4: 123 daAuts
     D:5: 15 daAuts
